 Dungeon Crawl Stone Soup version 0.24.0-123-gd5b16e6ec5 (webtiles) character file.

Game seed: 1794450846098678102, levelgen mode: deterministic

88077 hazymike the Peltast (level 15, -10/136 HPs)
             Began as a Yellow Draconian Air Elementalist on Feb 9, 2020.
             Was a High Priest of Vehumet.
             Mangled by a shambling mangrove (30 damage)
             ... on level 1 of the Swamp on Feb 10, 2020.
             The game lasted 07:04:27 (47826 turns).

hazymike the Peltast (DrAE)                        Turns: 47826, Time: 07:04:28

Health: -10/136    AC: 14    Str: 10    XL:     15   Next: 45%
Magic:  13/25      EV: 14    Int: 20    God:    Vehumet [*****.]
Gold:   2025       SH: 13    Dex: 14    Spells: 0/27 levels left

rFire    . . .     SeeInvis .   a - +1 scimitar (flame)
rCold    . . .     Gourm    .   E - +0 shield
rNeg     . . .     Faith    .   (armour unavailable)
rPois    .         Spirit   .   (helmet restricted)
rElec    .         Reflect  .   e - scarf {repulsion}
rCorr    +         Harm     .   v - +1 pair of gloves
MR       ++...                  c - +2 pair of boots {run}
Stlth    ++........             H - amulet of regeneration
HPRegen  0.72/turn              Q - ring of protection from magic
MPRegen  0.19/turn              T - ring of wizardry

@: lethally poisoned (-10 -> -11), grasped by roots, constricted, repel
missiles, quick
A: spit acid, unfitting armour, acidic bite, cold-blooded, acid resistance, AC
+9
a: Breathe Acid, Renounce Religion


You were on level 1 of the Swamp.
You worshipped Vehumet.
Vehumet was extremely pleased with you.
You were hungry.

You visited 5 branches of the dungeon, and saw 25 of its levels.

You collected 4703 gold pieces.
You spent 2678 gold pieces at shops.

Inventory:

Hand Weapons
 a - a +1 scimitar of flaming (weapon)
Missiles
 d - 53 poisoned darts (quivered)
 l - 3 throwing nets
Armour
 c - a +2 pair of boots of running (worn)
 e - a scarf of repulsion (worn)
 v - a +1 pair of gloves (worn)
 E - a +0 shield (worn)
 V - the +2 cloak "Ocaewky" {rPois Slay+3}
   (You bought it in a shop on level 11 of the Dungeon)

   It affects your accuracy and damage with ranged weapons and melee attacks
   (+3).
   It protects you from poison.
Magical Staves
 b - an uncursed staff of energy
Jewellery
 r - an uncursed ring of ice
 C - an uncursed ring of protection from fire
 H - an amulet of regeneration (around neck)
 Q - a ring of protection from magic (left hand)
 S - the ring of Kindness {Str+4 SInv}
   (You bought it in a shop on level 11 of the Dungeon)

   [ring of see invisible]

   It affects your strength (+4).
   It lets you see invisible.
 T - a ring of wizardry (right hand)
Wands
 p - a wand of polymorph (21)
 w - a wand of clouds (2)
 J - a wand of disintegration (32)
 K - a wand of scattershot (2)
 L - a wand of random effects (27)
 N - a wand of acid (28)
 P - a wand of digging (13)
 R - a wand of iceblast (19)
 W - a wand of paralysis (6)
Scrolls
 g - 2 scrolls of immolation
 h - 4 scrolls of fear
 k - 4 scrolls of magic mapping
 n - a scroll of vulnerability
 o - a scroll of summoning
 t - 4 scrolls of teleportation
 u - 2 scrolls of fog
 y - a scroll of holy word
 B - 8 scrolls of remove curse
 X - a scroll of identify
 Z - 2 scrolls of blinking
Potions
 f - a potion of magic
 i - 8 potions of curing
 j - a potion of heal wounds
 m - a potion of cancellation
 q - 3 potions of haste
 x - 6 potions of lignification
 z - a potion of resistance
 A - 5 potions of ambrosia
 D - 5 potions of agility
 G - a potion of might
 I - 5 potions of brilliance
 M - 3 potions of flight
 O - 2 potions of invisibility
 Y - a potion of berserk rage
Miscellaneous
 s - a sack of spiders
 U - a lightning rod (4/4)
Comestibles
 F - 10 rations


   Skills:
 + Level 13.5 Fighting
 - Level 8.0 Dodging
 - Level 2.0 Stealth
 - Level 15.0 Shields
 + Level 6.9 Spellcasting
 + Level 11.1 Conjurations
 - Level 4.0 Charms
 - Level 2.0 Summonings
 - Level 2.0 Translocations
 - Level 4.0 Fire Magic
 - Level 4.0 Ice Magic
 + Level 13.4 Air Magic
 - Level 2.1 Earth Magic


You couldn't memorise any spells.
You knew the following spells:

 Your Spells              Type           Power        Failure   Level  Hunger
a - Shock                 Conj/Air       ####         1%          1    None
b - Animate Skeleton      Necr           N/A          4%          1    None
c - Airstrike             Air            ######....   1%          4    ###....
d - Lightning Bolt        Conj/Air       ######....   1%          5    #####..
e - Ozocubu's Armour      Chrm/Ice       ###.....     2%          3    #......
f - Conjure Flame         Conj/Fire      #####...     1%          3    #......
g - Passwall              Tmut/Erth      ##......     4%          2    None
h - Summon Lightning Spi  Summ/Air       #####...     1%          4    ###....
i - Blink                 Tloc           N/A          2%          2    None
j - Swiftness             Chrm/Air       #####...     1%          2    None

Your spell library contained the following spells:

 Spells                   Type           Power        Failure   Level  Hunger
 Freezing Cloud           Conj/Ice/Air   #####.....   3%          6    ######.
 Apportation              Tloc           ##....       1%          1    None
 Freeze                   Ice            ###.         1%          1    None
 Magic Dart               Conj           ####         1%          1    None
 Sandblast                Erth           ###...       1%          1    None
 Summon Small Mammal      Summ           ##..         1%          1    None
 Throw Frost              Conj/Ice       #####.       1%          2    None
 Inner Flame              Hex/Fire       ##......     1%          3    #......
 Mephitic Cloud           Conj/Pois/Air  #####...     1%          3    #......
 Static Discharge         Conj/Air       ######..     1%          3    #......
 Stone Arrow              Conj/Erth      ####..       1%          3    #......
 Throw Icicle             Conj/Ice       #####...     1%          4    ###....
 Conjure Ball Lightning   Conj/Air       ######....   1%          6    ######.
 Call Imp                 Summ           ##......     2%          2    None
 Confusing Touch          Hex            #.....       4%          1    None
 Corona                   Hex            #......      4%          1    None
 Slow                     Hex            #.......     6%          2    None
 Silence                  Hex/Air        ####......   7%          5    #####..
 Portal Projectile        Hex/Tloc       ##....       8%          3    #......
 Summon Ice Beast         Ice/Summ       ###.....     11%         4    ###....
 Lee's Rapid Deconstruct  Erth           ###.......   12%         5    #####..
 Deflect Missiles         Chrm/Air       #####.....   16%         6    ######.
 Leda's Liquefaction      Hex/Erth       ##........   24%         4    ###....
 Petrify                  Tmut/Erth      ##......     24%         4    ###....
 Cause Fear               Hex            #.........   34%         4    ###....
 Tornado                  Air            ######....   95%         9    #######


Dungeon Overview and Level Annotations

Branches:
Dungeon (15/15)            Temple (1/1) D:6            Lair (6/6) D:8
  Swamp (1/4) Lair:4        Snake (0/4) Lair:2        Slime (0/5) Lair:5
    Orc (2/2) D:11            Elf (0/3) Orc:2        Vaults (0/5) D:13
 Depths (0/5) D:15

Altars:
Ashenzari
Cheibriados
Dithmenos
Elyvilon
Fedhas
Gozag
Hepliaklqana
Kikubaaqudgha
Makhleb
Nemelex Xobeh
Okawaru
Qazlal
Ru
Sif Muna
Trog
Uskayaw
Vehumet
Wu Jian
Xom
Yredelemnul
Zin
The Shining One
Jiyva

Shops:
D:5 !   D:11 [[*   D:13 }   Orc:2 [(:*

Portals:
Trove: D:13 (give 12 potions of heal wounds)

Annotations:
D:8 3 runed translucent doors, SeryemCrawl's ghost, novice GnWz
D:14 Roxanne
Lair:1 exclusion: 3 electric eels


Innate Abilities, Weirdness & Mutations

You can spit globs of acid.
Your golden yellow scales are hard. (AC +9)
You cannot fit into any form of body armour.
You have acidic saliva.
You are cold-blooded and may be slowed by cold attacks.
You are resistant to acid. (rCorr)


Message History

The bog body barely misses your lightning spire.
The hornet closely misses you. You block the hornet's attack.
The swamp dragon bites your lightning spire.
The swamp dragon barely misses your lightning spire.
The swamp dragon tramples your lightning spire but does no damage.
You block the spriggan rider's attack. The shambling mangrove misses you.
* * * LOW HITPOINT WARNING * * *
The grasping roots constrict you! The bog body hits your lightning spire!
The bog body barely misses your lightning spire.
You feel much better.
You feel yourself speed up.
You feel sick. You block the hornet's attack.
The hornet stings you but does no damage.
You block the hornet's attack. x2
The spriggan rider hits you from afar with a +0 spear!
* * * LOW HITPOINT WARNING * * *
The swamp dragon bites your lightning spire!
Your lightning spire is destroyed!
The shambling mangrove hits you!!
You die...

♣♣.$≈≈≈
..$≈≈≈≈
...≈≈≈≈
.....≈≈
♣♣♣.≈≈...≈
≈≈.≈≈....
♣♣f....≈..
♣≈@yn.≈≈≈.
♣≈yyiD≈≈≈.
♣♣≈.y.≈≈≈.
♣♣♣.....≈
♣♣♣..≈ ≈≈
≈


You could see a shambling mangrove, a swamp dragon, a spriggan rider, a bog
body, 2 hornets and 2 vampire mosquitoes.

Vanquished Creatures
  Rupert (D:13)
  2 orc warlords (D:11)
  Nessos (Lair:6)
  Josephine (D:11)
  Erolcha (D:9)
  Fannar (D:10)
  A yaktaur captain (D:15)
  Harold (D:11)
  6 hydras
  2 centaur warriors
  An ogre mage (D:15)
  5 two-headed ogres
  6 death yaks
  An orc high priest (Orc:2)
  Sonja (D:12)
  2 skeletal warriors (D:15)
  2 unseen horrors
  4 orc knights
  A lindwurm (Lair:5)
  6 orc sorcerers
  A cyclops (D:6)
  5 ugly things
  2 black mambas (Lair:5)
  17 spiny frogs
  8 komodo dragons
  2 kobold demonologists
  An efreet (D:14)
  A yaktaur (D:15)
  A wind drake (shapeshifter) (D:13)
  12 trolls
  4 hornets (Lair:6)
  6 polar bears
  9 blink frogs
  2 slime creatures
  9 dream sheep (Lair:6)
  9 hippogriffs
  A meliai zombie (D:10)
  A shadow (D:15)
  14 spriggans
  7 wraiths
  50 yaks
  A vampire (D:15)
  6 wyverns
  4 basilisks
  Grum (D:8)
  A steam dragon (D:8)
  3 vampire mosquitoes (D:14)
  6 wargs
  A soldier ant (D:12)
  16 porcupines
  2 hell hounds (Orc:2)
  9 water moccasins
  32 orc warriors
  An eye of draining (D:10)
  4 black bears
  4 ice beasts
  3 necrophages
  5 phantoms
  6 sky beasts
  10 ogres
  5 boggarts (Lair:6)
  27 wolves
  18 crocodiles
  14 centaurs
  2 big kobolds
  18 bullfrogs
  5 scorpions
  12 killer bees
  10 howler monkeys
  5 electric eels (D:8)
  14 crimson imps
  A bullfrog zombie (D:12)
  5 centaur zombies
  8 orc priests
  8 hounds
  6 jellies
  20 orc wizards
  3 centaur skeletons
  8 bullfrog skeletons
  Jessica (D:2)
  5 iguanas
  Natasha (thrice) (D:3)
  14 worker ants
  A killer bee zombie (D:7)
  A hound zombie (D:8)
  8 gnolls (D:4)
  24 adders
  7 shadow imps
  3 oozes (D:3)
  3 worms
  A dart slug (D:1)
  2 leopard geckos
  67 orcs
  5 bats
  5 giant cockroaches
  A goblin (D:2)
  3 hobgoblins (D:3)
  11 jackals
  21 kobolds
  4 quokkas
  2 frilled lizards
  A quokka skeleton (D:9)
  4 rats
  3 fungi
712 creatures vanquished.

Vanquished Creatures (collateral kills)
  2 two-headed ogres (D:15)
  3 skeletal warriors (D:15)
  A deep elf mage (D:15)
  3 cyclopes
  A gargoyle (D:14)
  2 trolls (D:13)
  A meliai (shapeshifter) (D:13)
  A vampire (D:15)
  A swamp worm (shapeshifter) (D:13)
  3 ogres (D:15)
  A phantom (D:13)
19 creatures vanquished.

Vanquished Creatures (others)
  Psyche (D:10)
  An orc (Orc:2)
  A bush (Lair:6)
  32 fungi
  8 plants
43 creatures vanquished.

Grand Total: 774 creatures vanquished

Notes
Turn   | Place    | Note
-------+----------+-------------------------------------------
     0 | D:1      | hazymike the Draconian Air Elementalist began the quest for
                  | the Orb.
     0 | D:1      | Reached XP level 1. HP: 14/14 MP: 3/3
   845 | D:2      | Reached XP level 2. HP: 22/22 MP: 1/5
  1062 | D:2      | Noticed Jessica
  1075 | D:2      | Killed Jessica
  1075 | D:2      | Reached skill level 1 in Fighting
  1075 | D:2      | Reached XP level 3. HP: 17/28 MP: 2/6
  1478 | D:2      | Learned a level 2 spell: Swiftness
  1507 | D:2      | Reached XP level 4. HP: 24/35 MP: 2/7
  2849 | D:3      | Reached XP level 5. HP: 41/41 MP: 5/8
  2855 | D:3      | Reached skill level 1 in Charms
  3472 | D:3      | Noticed Natasha
  3493 | D:3      | Killed Natasha
  3520 | D:3      | Noticed Natasha
  3533 | D:3      | Killed Natasha
  3667 | D:3      | Noticed Natasha
  3676 | D:3      | Killed Natasha
  3676 | D:3      | Reached XP level 6. HP: 43/50 MP: 6/9
  3741 | D:3      | Learned a level 4 spell: Airstrike
  3756 | D:4      | Found a hazy altar of Hepliaklqana.
  4204 | D:4      | Reached skill level 5 in Air Magic
  4913 | D:4      | Got an iridescent shortbow
  5157 | D:4      | Your scales start taking on a golden yellow colour.
  5157 | D:4      | Reached XP level 7. HP: 38/57 MP: 0/10
  5157 | D:4      | Gained mutation: You are resistant to acid. (rCorr) [Yellow
                  | Draconian growth]
  5446 | D:5      | Entered Level 5 of the Dungeon
  5447 | D:5      | Identified the +6 shortbow of Cime {flame, rN++ Str-4} (You
                  | found it on level 4 of the Dungeon)
  5759 | D:5      | Found a shimmering altar of Xom.
  5765 | D:5      | Reached skill level 1 in Shields
  6403 | D:5      | Reached skill level 2 in Shields
  6403 | D:5      | Reached XP level 8. HP: 54/66 MP: 1/11
  6674 | D:5      | Found Hat Pamo's Distillery.
  6678 | D:5      | Bought a potion of magic for 88 gold pieces
  6678 | D:5      | Bought a potion of heal wounds for 55 gold pieces
  6678 | D:5      | Bought a potion of degeneration for 11 gold pieces
  6678 | D:5      | Bought a potion of curing for 33 gold pieces
  7414 | D:6      | Found a staircase to the Ecumenical Temple.
  7427 | Temple   | Entered the Ecumenical Temple
  7675 | Temple   | Became a worshipper of Vehumet
  7878 | D:6      | Reached skill level 3 in Shields
  8079 | D:6      | Noticed a cyclops
  8097 | D:6      | Killed a cyclops
  8097 | D:6      | Reached skill level 5 in Fighting
  8097 | D:6      | Reached XP level 9. HP: 28/74 MP: 8/12
  8419 | D:6      | Reached skill level 4 in Shields
  8426 | D:6      | Learned a level 5 spell: Lightning Bolt
  8598 | D:6      | Found a blossoming altar of Fedhas.
  8601 | D:6      | Found an ancient bone altar of Kikubaaqudgha.
  8613 | D:6      | Found an ornate altar of the Wu Jian Council.
  8616 | D:6      | Found a burning altar of Makhleb.
  8645 | D:6      | Reached skill level 5 in Dodging
  9114 | D:7      | Found a glowing silver altar of Zin.
  9118 | D:7      | Found a white marble altar of Elyvilon.
  9119 | D:7      | Found a glowing golden altar of the Shining One.
  9890 | D:8      | Noticed a troll
 10037 | D:8      | Reached skill level 5 in Shields
 10186 | D:8      | Reached * piety under Vehumet
 10186 | D:8      | Offered knowledge of Magic Dart by Vehumet.
 10591 | D:8      | HP: 3/77 [electric eel/bolt of electricity (12)]
 10942 | D:8      | Reached skill level 5 in Conjurations
 11038 | D:8      | Found a staircase to the Lair.
 11105 | D:8      | Reached XP level 10. HP: 84/84 MP: 12/15
 11204 | D:8      | Reached skill level 6 in Shields
 12112 | D:8      | Noticed Grum
 12147 | D:8      | Killed Grum
 12408 | D:8      | Reached skill level 7 in Shields
 12682 | D:8      | Found a runed translucent gate.
 12684 | D:8      | Found a runed translucent gate.
 12687 | D:8      | Found a runed translucent gate.
 12687 | D:8      | Noticed SeryemCrawl's ghost (novice GnWz)
 12690 | D:8      | Found a viscous altar of Jiyva.
 12867 | D:9      | Identified 2 scrolls of acquirement
 13392 | D:9      | Reached ** piety under Vehumet
 13536 | D:9      | Offered knowledge of Flame Tongue by Vehumet.
 13672 | D:9      | Noticed Erolcha
 13759 | D:9      | Learned a level 3 spell: Ozocubu's Armour
 13783 | D:10     | Entered Level 10 of the Dungeon
 14068 | D:9      | Reached skill level 1 in Ice Magic
 14207 | D:9      | Noticed a two-headed ogre
 14260 | D:9      | Killed a two-headed ogre
 14260 | D:9      | Reached skill level 8 in Shields
 14820 | D:9      | Reached XP level 11. HP: 86/94 MP: 7/17
 14906 | D:10     | Noticed Fannar
 15016 | D:9      | Offered knowledge of Throw Flame by Vehumet.
 15754 | D:9      | Paralysed by Erolcha for 3 turns
 15765 | D:9      | Killed Erolcha
 16128 | D:10     | Killed Fannar
 16128 | D:10     | Reached skill level 9 in Shields
 16386 | D:10     | Noticed Psyche
 16393 | D:10     | Killed Psyche
 16396 | D:10     | Reached skill level 10 in Air Magic
 16445 | D:10     | Reached *** piety under Vehumet
 17156 | D:11     | Found a staircase to the Orcish Mines.
 17409 | D:11     | Found Xese's Antique Armour Boutique.
 17417 | D:11     | Bought a faintly humming cloak for 256 gold pieces
 17418 | D:11     | Identified the +2 cloak "Ocaewky" {rPois Slay+3} (You
                  | bought it in a shop on level 11 of the Dungeon)
 17452 | D:11     | Noticed a green ugly thing
 17485 | D:11     | Killed a white ugly thing
 17485 | D:11     | Reached skill level 10 in Shields
 17797 | D:10     | Offered knowledge of Fulminant Prism by Vehumet.
 18395 | D:11     | Noticed Josephine
 18765 | D:11     | Found Fuiq's Antique Armour Emporium.
 18789 | D:11     | Found Sygoolloshe's Assorted Antiques.
 18808 | D:11     | Bought a pair of runed boots for 285 gold pieces
 18808 | D:11     | Bought a scroll of identify for 76 gold pieces
 18808 | D:11     | Bought a sparkling bronze ring for 190 gold pieces
 18808 | D:11     | Bought a scroll labeled ELOIVA ROFRU for 38 gold pieces
 18808 | D:11     | Identified the ring of Kindness {Str+4 SInv} (You bought it
                  | in a shop on level 11 of the Dungeon)
 18814 | D:11     | Identified a +1 pair of boots of running (You bought it in
                  | a shop on level 11 of the Dungeon)
 19429 | D:11     | Noticed Harold
 19500 | Lair:1   | Entered Level 1 of the Lair of Beasts
 20001 | D:8      | Found a staircase to the Lair.
 20963 | Lair:1   | Found a white marble altar of Elyvilon.
 21008 | Lair:1   | Reached **** piety under Vehumet
 21556 | Lair:2   | Got a warped bronze amulet
 21609 | Lair:2   | Reached XP level 12. HP: 81/105 MP: 9/18
 22272 | Lair:2   | Identified the amulet of Trog's Righteous Anger {Inacc
                  | Stlth+} (You found it on level 2 of the Lair of Beasts)
 22282 | Lair:2   | Found a staircase to the Snake Pit.
 22596 | Lair:3   | Noticed a five-headed hydra
 23077 | Lair:3   | Reached skill level 11 in Shields
 23109 | Lair:3   | Killed a five-headed hydra
 23485 | Lair:3   | Reached skill level 10 in Fighting
 23846 | Lair:3   | Offered knowledge of Conjure Flame by Vehumet.
 23851 | Lair:3   | Learned a level 3 spell: Conjure Flame
 24325 | Lair:3   | Reached skill level 1 in Fire Magic
 25425 | Lair:4   | Reached skill level 12 in Shields
 25545 | Lair:4   | Noticed a seven-headed hydra
 25576 | Lair:4   | Killed a seven-headed hydra
 25749 | Lair:4   | Noticed a seven-headed hydra
 25776 | Lair:4   | Killed a seven-headed hydra
 25874 | Lair:4   | Reached XP level 13. HP: 114/114 MP: 6/19
 26278 | Lair:4   | Found a staircase to the Swamp.
 27120 | Lair:5   | Reached ***** piety under Vehumet
 27125 | Lair:5   | Offered knowledge of Lee's Rapid Deconstruction by Vehumet.
 27803 | Lair:5   | Found a staircase to the Slime Pits.
 27825 | Lair:5   | Found the +2 ratskin cloak {+Rats rPois rN+ Str-1 Int-1
                  | Dex+1}
 28257 | Lair:5   | Reached skill level 13 in Shields
 28288 | Lair:6   | Entered Level 6 of the Lair of Beasts
 28650 | Lair:6   | Identified the +7 mace of Ceutwa {crush, Dex+3}
 28650 | Lair:6   | Noticed Nessos
 29676 | Lair:6   | Reached skill level 5 in Spellcasting
 30618 | Lair:6   | Killed Nessos
 31674 | Lair:6   | Paralysed by a hornet for 1 turns
 32132 | Lair:6   | Gained mutation: You have acidic saliva. [Yellow Draconian
                  | growth]
 32132 | Lair:6   | Reached XP level 14. HP: 125/125 MP: 22/22
 32536 | Lair:6   | Reached skill level 14 in Shields
 33629 | D:5      | Bought a potion of ambrosia for 88 gold pieces
 33629 | D:5      | Bought a potion of agility for 44 gold pieces
 33629 | D:5      | Bought a potion of berserk rage for 55 gold pieces
 33629 | D:5      | Bought a potion of flight for 33 gold pieces
 33629 | D:5      | Bought a potion of agility for 44 gold pieces
 33629 | D:5      | Bought a potion of heal wounds for 55 gold pieces
 33629 | D:5      | Bought a potion of curing for 33 gold pieces
 33629 | D:5      | Bought a potion of brilliance for 44 gold pieces
 34271 | D:11     | Found Xese's Antique Armour Boutique.
 34555 | D:11     | Found Sygoolloshe's Assorted Antiques.
 34582 | D:11     | Found a staircase to the Orcish Mines.
 34624 | D:11     | Found Fuiq's Antique Armour Emporium.
 34817 | D:11     | Killed Harold
 34909 | D:11     | Killed Josephine
 35722 | D:12     | Noticed Sonja
 35725 | D:12     | Killed Sonja
 36088 | D:12     | Offered knowledge of Bolt of Fire by Vehumet.
 36092 | D:12     | Learned a level 2 spell: Passwall
 37206 | Orc:1    | Entered Level 1 of the Orcish Mines
 37302 | Orc:1    | Noticed an orc warlord
 37308 | Orc:1    | Reached skill level 10 in Conjurations
 37309 | Orc:1    | Reached skill level 1 in Earth Magic
 37484 | D:11     | Killed an orc warlord
 38612 | Orc:2    | Entered Level 2 of the Orcish Mines
 38612 | Orc:2    | Noticed an orc warlord
 38667 | D:11     | Killed an orc warlord
 38794 | Orc:2    | Found Qompeus's Antique Armour Shoppe.
 38816 | Orc:2    | Found Kyoweyr's Antique Weapon Shoppe.
 38824 | Orc:2    | Found a staircase to the Elven Halls.
 39497 | Orc:2    | Found Pytywon's General Store.
 39592 | Orc:2    | Bought a scroll of magic mapping for 38 gold pieces
 39592 | Orc:2    | Bought a scroll of identify for 22 gold pieces
 41093 | Orc:2    | Paralysed by an orc sorcerer for 4 turns
 42105 | Orc:2    | Found Nickio's Book Shoppe.
 42113 | Orc:2    | Bought a book of the Sky for 910 gold pieces
 42118 | Orc:2    | Learned a level 4 spell: Summon Lightning Spire
 42307 | Orc:2    | Bought a book of Minor Magic for 280 gold pieces
 42734 | D:13     | Reached XP level 15. HP: 128/135 MP: 13/24
 42891 | D:13     | Noticed Rupert
 42905 | D:13     | Paralysed by Rupert for 3 turns
 42911 | D:13     | Killed Rupert
 42911 | D:13     | Reached skill level 15 in Shields
 42911 | D:13     | Reached skill level 1 in Summonings
 43022 | D:13     | Found a gate to the Vaults.
 43155 | D:12     | Reached ****** piety under Vehumet
 43155 | D:12     | Offered knowledge of Freezing Cloud by Vehumet.
 43486 | D:13     | Found Axemuod's Gadget Shoppe.
 43501 | D:13     | Found a portal to a secret trove of treasure.
 45529 | D:14     | Noticed Roxanne
 45733 | D:14     | Learned a level 2 spell: Blink
 45734 | D:15     | Entered Level 15 of the Dungeon
 45985 | D:15     | Learned a level 1 spell: Animate Skeleton
 46362 | D:15     | Reached skill level 1 in Translocations
 47308 | D:15     | Found a staircase to the Depths.
 47809 | Swamp:1  | Entered Level 1 of the Swamp
 47822 | Swamp:1  | Paralysed by a hornet for 2 turns
 47825 | Swamp:1  | HP: 4/136 [shambling mangrove (15)]
 47826 | Swamp:1  | Mangled by a shambling mangrove

Levels and vault maps discovered:
D:1:      evilmike_arrival_crescent, layout_rooms, serial_park_tiny_pond
D:2:      layout_loops_ring, uniq_jessica
D:3:      layout_loops_corners, uniq_natasha
D:4:      layout_gridville, kennysheep_mini_moat, first_ration
D:5:      layout_loops_ring, serial_shops, nicolae_shop_behind_doors,
          led_xom_imps
D:6:      layout_basic, grunt_temple_overflow_cloverleaf,
          minmay_temple_entry_junction_2, minmay_manual_moon
D:7:      layout_layer_cave, good_gods_temple_1
D:8:      layout_basic, erik_lair_island, gammafunk_ghost_ooze, uniq_grum
D:9:      layout_roguey, kennysheep_generic_room_11, uniq_erolcha
D:10:     layout_loops_ring, uniq_psyche, uniq_fannar
D:11:     minmay_polygon_palace, layout_irregular_city, orc_0_dummy,
          serial_shops, nicolae_shop_overgrown_old_shop, shop,
          nicolae_shop_overgrown_old_shop, uniq_josephine, uniq_harold
D:12:     layout_basic, uniq_sonja
D:13:     layout_layer_cave, david_vaults_2, nicolae_trove_entry_crossroad,
          serial_shops, nicolae_shop_window_shopping, uniq_rupert
D:14:     layout_basic, uniq_roxanne
D:15:     grunt_enter_depths_snipers, layout_loops_ring
Temple:   minmay_temple_curvy_branch
Lair:1:   layout_long_grid, basic_altar, beast_lair_carwin_2,
          infiniplex_staircase_pool_2, lemuel_fruit_fields, serial_bayou_shore_a
Lair:2:   layout_gridlike, dummy_snake_entry
Lair:3:   layout_chaotic_city, beast_lair_carwin_8, grunt_megastairs_4,
          lemuel_fruit_fields
Lair:4:   layout_roguey, minmay_swamp_entry_reptiles
Lair:5:   layout_regular_city, minmay_slime_entry_pillars,
          cheibrodos_lair_reptile_den, grunt_megastairs_1,
          infiniplex_staircase_pool
Lair:6:   minmay_lair_end_enchanted_forest, layout_regular_city, uniq_nessos
Swamp:1:  layout_basic_swamp, evilmike_swamp_ruin_rubble_1
Orc:1:    layout_caves
Orc:2:    grunt_orc_gardens, layout_diamond_mine, grunt_orc_garden,
          grunt_orc_garden, grunt_orc_garden, grunt_orc_garden, enter_volcano_3

Skill      XL: |  1  2  3  4  5  6  7  8  9 10 11 12 13 14 15 |
---------------+----------------------------------------------+-----
Stealth        | 2 |  2.0
Dodging        | 2 3 4 5 6 8 |  8.0
Fighting       | 1 2 3 5 6 7 9 10 11 13 | 13.5
Air Magic      | 4 5 6 7 8 9 10 11 12 13 | 13.4
Conjurations   | 2 3 4 5 6 8 9 10 11 | 11.1
Charms         | 1 2 3 4 |  4.0
Shields        | 2 3 5 8 10 12 13 14 15 | 15.0
Spellcasting   | 3 4 5 6 |  6.9
Ice Magic      | 2 3 4 |  4.0
Fire Magic     | 2 4 |  4.0
Earth Magic    | 2 |  2.1
Summonings     | 2 |  2.0
Translocations | 2 |  2.0

Action                   |  1- 3 |  4- 6 |  7- 9 | 10-12 | 13-15 || total
-------------------------+-------+-------+-------+-------+-------++-------
Melee: Unarmed           |     3 |       |       |       |       ||     3
       Tailslap          |     1 |       |       |     4 |    30 ||    35
       Scimitar          |       |       |       |     4 |    75 ||    79
       Bite              |       |       |       |       |    19 ||    19
 Fire: Hunting sling     |    12 |    76 |       |       |       ||    88
       Shortbow          |       |       |   180 |    94 |       ||   274
Throw: Stone             |     2 |       |       |       |       ||     2
       Dart              |       |       |     2 |   184 |   519 ||   705
       Throwing net      |       |       |       |       |     1 ||     1
 Cast: Shock             |    30 |   112 |   173 |   683 |  1322 ||  2320
       Airstrike         |       |       |     3 |    31 |   110 ||   144
       Ozocubu's Armour  |       |       |       |    18 |    73 ||    91
       Conjure Flame     |       |       |       |     3 |   109 ||   112
       Lightning Bolt    |       |       |       |     1 |    14 ||    15
       Swiftness         |       |       |       |       |     1 ||     1
       Summon Lightning  |       |       |       |       |    23 ||    23
       Animate Skeleton  |       |       |       |       |     3 ||     3
 Abil: Breathe Acid      |       |       |       |     3 |     5 ||     8
Evoke: Staff of energy   |       |       |       |     1 |       ||     1
       Lightning rod     |       |       |       |     1 |       ||     1
       Wand              |       |       |       |       |     4 ||     4
  Use: Scroll            |       |       |     9 |    13 |    16 ||    38
       Potion            |       |       |       |       |     4 ||     4
 Stab: Sleeping          |       |       |       |       |     2 ||     2
  Eat: Chunk             |     2 |    13 |    13 |    38 |    62 ||   128
       Ration            |       |       |     2 |     4 |     9 ||    15
Armor: Skin              |     6 |    22 |    55 |   138 |   220 ||   441
Dodge: Dodged            |    10 |    53 |   123 |   355 |   555 ||  1096
       Deflected         |       |       |     7 |     2 |    13 ||    22
Block: Shield            |       |       |       |   191 |   678 ||   869
       Rpst.: Long sword |       |       |     1 |     9 |       ||    10
       Scimitar          |       |       |       |    27 |   132 ||   159
